 Dungeon Crawl Stone Soup version 0.27.1 (webtiles) character file.

Game seed: 16571081439534258059

218 Destapler the Sneak (level 5, -3/27 HPs)
             Began as a Spriggan Brigand on Aug 24, 2021.
             Was a Priest of Vehumet.
             Killed by nerve-wracking pain
             ... invoked by an orc priest
              (14 damage)
             ... on level 4 of the Dungeon.
             The game lasted 00:09:57 (4588 turns).

Destapler the Sneak (Spriggan Brigand)              Turns: 4588, Time: 00:09:58

Health: -3/27      AC:  3    Str:  7    XL:     5   Next: 63%
Magic:  7/8        EV: 18    Int: 13    God:    Vehumet [***...]
Gold:   60         SH:  0    Dex: 17    Spells: 6/7 levels left

rFire    . . .     SeeInvis +   a - +2 dagger
rCold    . . .     Faith    .   (shield restricted)
rNeg     . . .     Spirit   .   b - +0 robe
rPois    .         Reflect  .   (helmet restricted)
rElec    .         Harm     .   c - +0 cloak
rCorr    .         Rampage  .   (gloves unavailable)
Will     .....                  (boots unavailable)
Stlth    ++++......             (no amulet)
HPRegen  0.09/turn              p - ring of wizardry
MPRegen  0.11/turn              (no ring)

@: very quick
A: very small, no large weapons, unfitting armour, see invisible, speed 3
a: Renounce Religion


You were on level 4 of the Dungeon.
You worshipped Vehumet.
Vehumet was most pleased with you.
You visited 1 branch of the dungeon, and saw 4 of its levels.

You collected 60 gold pieces.

Inventory:

Hand Weapons
 a - a +2 dagger (weapon)
Missiles
 d - 28 poisoned darts (quivered)
 i - 6 boomerangs
Armour
 b - a +0 robe (worn)
 c - a +0 cloak (worn)
Jewellery
 p - a ring of wizardry (left hand)
Scrolls
 f - a scroll of noise {unknown}
 g - 5 scrolls of identify {unknown}
 h - a scroll of enchant armour {unknown}
 j - a scroll of brand weapon {unknown}
 k - 2 scrolls of magic mapping {unknown}
 m - 3 scrolls of vulnerability {unknown}
 n - a scroll of blinking {unknown}
 o - a scroll of teleportation {unknown}
 q - a scroll of summoning {unknown}
Potions
 l - a potion of curing {unknown}


   Skills:
 + Level 2.3 Fighting
 + Level 3.2 Short Blades
 + Level 3.0 Throwing
 + Level 3.2 Dodging
 + Level 6.8 Stealth
 + Level 1.7 Spellcasting
 + Level 1.4 Invocations


You had 6 spell levels left.
You knew the following spells:

 Your Spells              Type           Power      Damage    Failure   Level
a - Magic Dart            Conj           4%         1d3       3%          1

Your spell library contained the following spells:

 Spells                   Type           Power      Damage    Failure   Level
 Ignite Poison            Fire/Tmut/Pois 1%         N/A       9%          3
 Mephitic Cloud           Conj/Pois/Air  1%         N/A       9%          3
 Call Imp                 Summ           1%         N/A       16%         2
 Summon Forest            Summ/Tloc      0%         N/A       94%         5
 Summon Mana Viper        Hex/Summ       1%         N/A       94%         5
 Shadow Creatures         Summ           N/A        N/A       100%        6


Dungeon Overview and Level Annotations

Branches:
Dungeon (4/15)
 Temple: D:4-7

Altars:
Elyvilon
Vehumet


Innate Abilities, Weirdness & Mutations

You are very small and have problems with some larger weapons.
You are too small for most types of armour.
You have supernaturally acute eyesight. (SInv)
You cover ground extremely quickly. (Speed+++)


Message History

Vehumet accepts your kill.
Your life force feels restored.
Your Throwing skill increases to level 3!
No target in view!
No target in view!
An orc priest comes into view. It is wielding a +0 falchion.
You throw a curare-tipped dart.
The curare-tipped dart closely misses the orc priest.
The orc priest shouts!
You throw a poisoned dart.
The poisoned dart closely misses the orc priest.
You throw a poisoned dart.
The poisoned dart barely misses the orc priest.
You throw a poisoned dart.
The poisoned dart barely misses the orc priest.
You throw a poisoned dart.
The poisoned dart barely misses the orc priest.
You throw a poisoned dart. The poisoned dart hits the orc priest!
The orc priest is poisoned.
The orc priest looks satisfied for a moment.
Things that are here:
a +0 mace; a scroll labelled TONOTU SOSOFY The orc priest looks satisfied for a moment.
You hit the orc priest.
The orc priest is moderately wounded.
The orc priest closely misses you.
You barely miss the orc priest.
The orc priest is moderately wounded.
The orc priest hits you with a +0 falchion.
You completely miss the orc priest.
The orc priest is moderately wounded.
The orc priest casts a cantrip, but nothing happens.
You hit the orc priest.
The orc priest is severely wounded.
You closely miss the orc priest.
The orc priest is severely wounded.
The orc priest mumbles some strange prayers to Beogh against you.
Pain shoots through your body!
Ouch! That really hurt!
You die...

#................##.#.#
##.####.########.#....#
#......# ######...#..#
######## #.......###.#
#.#####..#..###.# #.#
##........# ##)##
####.##### #.).# #.#
#.@.# #.######
#.o.......##.#...##
.....#####.#......##
≈≈...... .#.#........
≈≈≈≈....... ....#.......
≈≈≈≈...(.....#.#........
≈≈≈≈.#...#####[##.#...##
≈≈≈..#.... . ##.#...##
## #.......#


You could see an orc priest (poisoned).

Vanquished Creatures
  A water moccasin zombie (D:4)
  An orc priest (D:4)
  4 adders
  4 worms
  A dart slug (D:1)
  8 orcs
  2 endoplasms
  3 giant cockroaches
  7 goblins
  4 hobgoblins
  11 jackals
  3 quokkas
  4 ball pythons (D:1)
  7 bats
  2 frilled lizards
  8 kobolds
  9 rats
79 creatures vanquished.

Notes
Turn   | Place    | Note
-------+----------+-------------------------------------------
     0 | D:1      | Destapler the Spriggan Brigand began the quest for the Orb.
     0 | D:1      | Reached XP level 1. HP: 10/10 MP: 2/2
    22 | D:1      | Found a faded altar of an unknown god.
    43 | D:1      | Became a worshipper of Vehumet
    43 | D:1      | Reached * piety under Vehumet
    43 | D:1      | Offered knowledge of Freeze by Vehumet.
   128 | D:1      | Reached skill level 6 in Stealth
   163 | D:1      | Reached XP level 2. HP: 15/15 MP: 3/3
  1284 | D:2      | Reached ** piety under Vehumet
  1285 | D:2      | Reached XP level 3. HP: 18/18 MP: 4/4
  1330 | D:2      | Offered knowledge of Poisonous Vapours by Vehumet.
  2395 | D:2      | Found a white marble altar of Elyvilon.
  2574 | D:2      | Reached XP level 4. HP: 23/23 MP: 6/6
  2916 | D:3      | Offered knowledge of Ignite Poison by Vehumet.
  3321 | D:3      | Reached *** piety under Vehumet
  3326 | D:3      | Reached skill level 1 in Spellcasting
  4026 | D:3      | Reached skill level 1 in Invocations
  4269 | D:4      | Learned a level 1 spell: Magic Dart
  4337 | D:4      | Reached XP level 5. HP: 16/26 MP: 6/8
  4588 | D:4      | Killed from afar by an orc priest

Illustrated notes

Levels and vault maps discovered:
D:1:      heliophobic_arrival_battle_scene, layout_loops_ring,
          shapermc_ecumenical_altar_starsandcircs
D:2:      layout_loops_ring, basic_altar, kennysheep_crisscross,
          minmay_misc_feat_roman, nrook_uturn
D:3:      layout_basic
D:4:      layout_loops_cross, temple_pool_b

Skill      XL: |  1  2  3  4  5 |
---------------+----------------+-----
Stealth        | 6 |  6.8
Dodging        | 2 3 |  3.2
Fighting       | 2 |  2.3
Spellcasting   | 1 |  1.7
Invocations    | 1 |  1.4
Short Blades   | 3 |  3.2
Throwing       | 3 |  3.0

Action                   |  1- 3 |  4- 6 || total
-------------------------+-------+-------++-------
Melee: Dagger            |   151 |   189 ||   340
Throw: Dart              |    12 |    23 ||    35
 Cast: Magic Dart        |       |    11 ||    11
 Stab: Sleeping          |    10 |       ||    10
       Distracted        |     1 |       ||     1
Armor: Robe              |    13 |    20 ||    33
Dodge: Dodged            |   128 |   148 ||   276
